 Dungeon Crawl Stone Soup version 0.29-a0-275-g389c0b56f3 (webtiles) character file.

Game seed: 1420832348258202153

165 PaleWalker the Slasher (level 5, -1/40 HPs)
             Began as a Djinni Gladiator on Mar 10, 2022.
             Frozen to death by an endoplasm (4 damage)
             ... on level 3 of the Dungeon.
             The game lasted 00:04:57 (2357 turns).

PaleWalker the Slasher (Djinni Gladiator)           Turns: 2357, Time: 00:04:57

Health: -1/40      AC:  3    Str: 13    XL:     5   Next: 74%
Gold:   70         EV: 13    Int: 11    God:
                   SH:  0    Dex: 15

rFire   + + .      SeeInvis .   a - +0 long sword
rCold   x . .      Faith    .   (no shield)
rNeg    . . .      Spirit   .   n - +0 robe
rPois   ∞          Reflect  .   c - +0 helmet
rElec   .          Harm     .   (no cloak)
rCorr   .          Rampage  .   (no gloves)
Will    .....                   (boots unavailable)
Stlth   +.........              p - amulet of regeneration
HPRegen 0.93/turn               (no ring)
MPRegen 0.00/turn               (no ring)

@: flying, very slightly contaminated
A: sickness immunity, fire resistance 2, cold vulnerability 1, float, innate
caster, HP casting, extra vitality 1
a: no special abilities


You were on level 3 of the Dungeon.
You visited 1 branch of the dungeon, and saw 3 of its levels.

You collected 70 gold pieces.

Inventory:

Hand Weapons
 a - a +0 long sword (weapon)
Missiles
 d - 3 throwing nets (quivered)
 e - a javelin
Armour
 b - a +0 leather armour
 c - a +0 helmet (worn)
 j - a +0 ring mail
 n - a +0 robe (worn)
Jewellery
 p - an amulet of regeneration (around neck)
Scrolls
 f - a scroll of noise {unknown}
 h - 2 scrolls of teleportation {unknown}
 i - 2 scrolls of identify {unknown}
 m - a scroll of blinking {unknown}
 q - a scroll of fear {unknown}
Potions
 g - a potion of might {unknown}
 k - a potion of haste {unknown}
 l - 2 potions of lignification {unknown}
 o - a potion of resistance {unknown}
 r - 2 potions of heal wounds {unknown}


   Skills:
 + Level 3.2 Fighting
 + Level 3.5 Long Blades
 - Level 1.5 Throwing
 - Level 3.2 Dodging
 * Level 2.5 Spellcasting


You had 6 spell levels left.
You knew the following spells:

 Your Spells              Type           Power      Damage    Failure   Level
a - Freeze                Ice            24%        1d5       10%         1
b - Wereblood             Tmut           6%         N/A       16%         2
Your spell library was empty.

Dungeon Overview and Level Annotations

Branches:
Dungeon (3/15)

Altars:
Vehumet

Shops:
D:1 *

Annotations:
D:3 exclusion: statue


Innate Abilities, Weirdness & Mutations

You are immune to sickness and miasma.
You are immune to poison.
Your flesh is very heat resistant. (rF++)
You are vulnerable to cold. (rC-)
You float through the air rather than walking.
You learn spells naturally, not from books.
Your magical power is your life essence.
You have superior vitality. (+4 MHP)


Message History

You hit Terence but do no damage.
Terence is moderately wounded.
Terence hits you with a +0 falchion!
You closely miss Terence.
Terence is moderately wounded.
Terence hits you with a +0 falchion! Terence hits you with a +0 falchion.
Casting: Freeze (safe; 10% risk of failure)
Confirm with . or Enter, or press ? or * to list all spells.
Aiming: Freeze (safe; 10% risk of failure)
Press: ? - help, Shift-Dir - straight line, f/p - Terence
Aim: Terence, wielding a +0 falchion and wearing a +0 chain mail (moderately wounded)
You miscast Freeze.
You are very lightly contaminated with residual magic.
Nothing appears to happen.
* * * LOW HITPOINT WARNING * * *
Terence barely misses you.
You hit Terence.
Terence is moderately wounded.
Terence barely misses you.
You hit Terence.
Terence is heavily wounded.
The endoplasm misses you. Terence hits you with a +0 falchion!
* * * LOW HITPOINT WARNING * * *
You slash Terence!
Terence is almost dead.
The endoplasm freezes you.
You are frozen.
You feel a terrible chill!
* * * LOW HITPOINT WARNING * * *
Terence barely misses you.
You hit Terence.
Terence is almost dead.
The endoplasm hits you but does no damage.
Terence hits you with a +0 falchion.
* * * LOW HITPOINT WARNING * * *
The endoplasm misses you. Terence closely misses you.
You hit Terence.
You kill Terence!
The endoplasm freezes you.
You are frozen.
You feel a terrible chill!
You die...

...............
#####...............#
###.................#
....................##
.....................
...................#
#####)......#.....#
#.........###J##.#...
#.........##.@)g....#
#.........#..##.....#
#.........#..# #####
.###.......)...##
..............##
.###.........##
#.........#
#.........#
#.........#


You could see an endoplasm and a hobgoblin.

Vanquished Creatures
  A scorpion (D:3)
  Jessica (D:2)
  Terence (D:3)
  2 adders (D:2)
  2 worms (D:2)
  2 dart slugs
  An orc (D:3)
  4 ball pythons
  3 endoplasms
  8 goblins
  2 hobgoblins
  9 jackals
  2 kobolds (D:1)
  2 quokkas (D:2)
  7 bats
  A frilled lizard (D:1)
  6 rats
54 creatures vanquished.

Notes
Turn   | Place    | Note
-------+----------+-------------------------------------------
     0 | D:1      | PaleWalker the Djinni Gladiator began the quest for the
                  | Orb.
     0 | D:1      | Reached XP level 1. HP: 18/18 MP: 0/0
   134 | D:1      | Reached XP level 2. HP: 23/23 MP: 0/0
   195 | D:1      | Found a faded altar of an unknown god.
   442 | D:1      | Reached skill level 1 in Spellcasting
   629 | D:1      | Reached XP level 3. HP: 29/29 MP: 0/0
   629 | D:1      | Learned a level 1 spell: Freeze
   842 | D:1      | Found Odaix's Assorted Antiques.
  1168 | D:2      | Reached XP level 4. HP: 24/34 MP: 0/0
  1832 | D:2      | Noticed Jessica
  1840 | D:2      | Killed Jessica
  1841 | D:2      | Reached XP level 5. HP: 17/40 MP: 0/0
  1841 | D:2      | Learned a level 2 spell: Wereblood
  2289 | D:3      | Noticed a charred statue
  2344 | D:3      | Noticed Terence
  2356 | D:3      | HP: 2/40 [Terence/+0 falchion (4)]
  2357 | D:3      | Killed Terence
  2357 | D:3      | Frozen to death by an endoplasm

Illustrated notes

Levels and vault maps discovered:
D:1:      dpeg_arrival_solitude, layout_loops_ring,
          ebering_ecumenical_altar_abandoned, serial_shops, shop,
          glass_columns_a, minivault_4
D:2:      layout_basic, minmay_ruptured, uniq_jessica
D:3:      layout_rooms, vehumet_statue, uniq_terence, uniq_natasha, uniq_grinder

Skill      XL: |  1  2  3  4  5 |
---------------+----------------+-----
Spellcasting   | 1 2 |  2.5
Long Blades    | 3 |  3.5
Fighting       | 3 |  3.2
Throwing       | |  1.5
Dodging        | |  3.2

Action                   |  1- 3 |  4- 6 || total
-------------------------+-------+-------++-------
Melee: Long sword        |    78 |    94 ||   172
       Punch             |     1 |     1 ||     2
 Cast: Freeze            |       |     5 ||     5
       Wereblood         |       |     1 ||     1
 Stab: Sleeping          |     1 |       ||     1
Armor: Leather armour    |    16 |    22 ||    38
       Robe              |       |    11 ||    11
Dodge: Dodged            |    84 |    81 ||   165

Table legend: (Time is in decaauts)
 A = Elapsed time spent in this place.
 B = Non-inter-level travel time spent in this place.
 C = Inter-level travel time spent in this place.
 D = Time resting spent in this place.
 E = Time spent auto-exploring this place.
 F = Levels seen in this place.
 G = Mean time per level.
                   A        B        C        D        E       F      G
               +--------+--------+--------+--------+--------+-----+--------+
         Total |   2400 |   2382 |     18 |    111 |   1761 |   3 |  800.0 |
       Dungeon |   2400 |   2382 |     18 |    111 |   1761 |   3 |  800.0 |
               +--------+--------+--------+--------+--------+-----+--------+

Top non-repeatable levels by time:
     D:2: 1125 daAuts
     D:1: 991 daAuts
     D:3: 282 daAuts
